 Dungeon Crawl Stone Soup version 0.26-a0-663-g36e8fdb655 (webtiles) character file.

Game seed: 18407689553623229653

282 Baz the Changer (level 6, -3/41 HPs)
             Began as an Octopode Transmuter on Oct 12, 2020.
             Slain by Duvessa
             ... wielding a +1 short sword of venom
              (14 damage)
             ... on level 4 of the Dungeon.
             The game lasted 00:08:14 (4923 turns).

Baz the Changer (Octopode Transmuter)               Turns: 4923, Time: 00:08:14

Health: -3/41      AC:  1    Str: 10    XL:     6   Next: 28%
Magic:  9/9        EV: 14    Int: 17    God:
Gold:   218        SH:  0    Dex: 12    Spells: 3/9 levels left

rFire    . . .     SeeInvis .     - Unarmed
rCold    . . .     Faith    .   (no shield)
rNeg     . . .     Spirit   .   (helmet restricted)
rPois    .         Reflect  .   b - amulet of magic regeneration
rElec    .         Harm     .   (no ring)
rCorr    .         Rampage  .   (no ring)
MR       .....                  (no ring)
Stlth    ++........             (no ring)
HPRegen  0.13/turn              (no ring)
MPRegen  0.36/turn              (no ring)
                                (no ring)
                                (no ring)

@: lethally poisoned (-3 -> -52)
A: almost no armour, stealthy swim, amphibious, 8 rings, constrict 8, camouflage
1, gelatinous body 1
a: no special abilities


You were on level 4 of the Dungeon.
You visited 1 branch of the dungeon, and saw 4 of its levels.

You collected 218 gold pieces.

Inventory:

Missiles
 q - 12 poisoned darts (quivered)
Jewellery
 a - an uncursed amulet of the acrobat
 b - an amulet of magic regeneration (around mantle)
Scrolls
 d - 5 scrolls of identify
 f - 7 scrolls of teleportation
 g - 2 scrolls of remove curse {unknown}
 j - a scroll of immolation {unknown}
 m - a scroll of enchant weapon {unknown}
Potions
 c - a potion of cancellation {unknown}
 e - 4 potions of heal wounds {unknown}
 h - 2 potions of flight {unknown}
 i - 3 potions of curing
 k - a potion of magic {unknown}
 l - a potion of mutation {unknown}
 n - a potion of ambrosia {unknown}
 o - a potion of might {unknown}
 p - a potion of lignification {unknown}


   Skills:
 + Level 2.6 Fighting
 + Level 3.3 Dodging
 + Level 4.0 Unarmed Combat
 - Level 2.0 Spellcasting
 * Level 4.3 Transmutations


You had 3 spell levels left.
You knew the following spells:

 Your Spells              Type           Power        Failure   Level
a - Beastly Appendage     Tmut           ###...       3%          1
b - Wereblood             Tmut           ###.....     4%          2
c - Spider Form           Tmut/Pois      #.........   24%         3

Your spell library contained the following spells:

 Spells                   Type           Power        Failure   Level
 Ice Form                 Ice/Tmut       #.......     61%         4
 Blade Hands              Tmut           ###.......   65%         5


Dungeon Overview and Level Annotations

Branches:
Dungeon (4/15)
 Temple: D:4-7

Altars:

Shops:
D:4 (

Annotations:
D:3 3 runed translucent doors, hemabe71's ghost, amateur HuAr
D:4 Dowan; Duvessa; Natasha


Innate Abilities, Weirdness & Mutations

You cannot wear most types of armour.
You are very stealthy in the water. (Stealth+)
You are amphibious.
You can wear up to eight rings at the same time.
You can use your tentacles to constrict eight enemies at once.
Your skin changes colour to match your surroundings (Stealth+).
Your rubbery body absorbs attacks. (AC +1, EV +1)


Message History

Natasha casts a spell.
Your transformation has ended.
You feel very sick.
Duvessa hits you with a +1 short sword of venom.
You are more poisoned.
The crimson imp blinks!
Unknown command.
Unknown command.
You feel very sick.
Dowan mumbles some strange words.
Dowan blinks!
Duvessa hits you with a +1 short sword of venom.
You are more poisoned.
As you read the scroll labeled GIUZYOTIMN, it crumbles to dust.
It is a scroll of identify.
f - 7 scrolls of teleportation
* * * LOW HITPOINT WARNING * * *
You feel very sick.
Duvessa hits you with a +1 short sword of venom!
You die...

..# #....# ..# #....# ..#
#....# ### #....# #
######..... #
#......############ #
########......#.!.........
.##
.....)...........h...§....
.>.
########......#.@e5.5....#
.## ############...e..# ##
......# .. ...(..# .#
.....?# # ..∩.... #
....##. ....#


You could see Duvessa (fast, very poisoned), Dowan (very poisoned), Natasha, a
crimson imp (summoned) and a white imp (summoned).

Vanquished Creatures
  A hound (D:4)
  An orc priest (D:3)
  A bullfrog skeleton (D:4)
  2 orc wizards
  4 gnolls (D:4)
  3 adders
  A white imp (D:2)
  2 oozes
  A dart slug (D:3)
  3 leopard geckos
  6 orcs
  5 giant cockroaches
  7 goblins
  6 hobgoblins
  2 quokkas
  4 bats
  3 frilled lizards
  2 kobolds
  6 rats
60 creatures vanquished.

Vanquished Creatures (others)
  5 plants (D:2)
5 creatures vanquished.

Grand Total: 65 creatures vanquished

Notes
Turn   | Place    | Note
-------+----------+-------------------------------------------
     0 | D:1      | Baz the Octopode Transmuter began the quest for the Orb.
     0 | D:1      | Reached XP level 1. HP: 13/13 MP: 3/3
   493 | D:1      | Reached XP level 2. HP: 13/18 MP: 5/5
   576 | D:1      | Learned a level 2 spell: Wereblood
  1244 | D:2      | Reached XP level 3. HP: 14/23 MP: 6/6
  1370 | D:2      | Learned a level 3 spell: Spider Form
  2319 | D:2      | Reached XP level 4. HP: 27/29 MP: 7/7
  2889 | D:2      | Reached XP level 5. HP: 17/34 MP: 8/8
  3815 | D:3      | Found a runed translucent gate.
  3815 | D:3      | Found a runed translucent gate.
  3815 | D:3      | Found a runed translucent gate.
  3869 | D:3      | Noticed hemabe71's ghost (amateur HuAr)
  4611 | D:4      | Reached XP level 6. HP: 34/41 MP: 9/9
  4910 | D:4      | Noticed Dowan
  4914 | D:4      | Noticed Duvessa
  4915 | D:4      | Found City's Weapon Shoppe.
  4915 | D:4      | Noticed Natasha
  4923 | D:4      | Slain by Duvessa

Illustrated notes

Levels and vault maps discovered:
D:1:      evilmike_arrival_hilbert_curve, layout_rooms, minivault_25
D:2:      layout_rooms, serial_bayou, serial_bayou_crossing,
          serial_bayou_ford_a, serial_bayou_shore_b, serial_bayou_pond_e
D:3:      layout_basic, ebering_ghost_rock_garden
D:4:      layout_basic, serial_shops, kennysheep_mini_moat, shop,
          nicolae_shop_stone, shop, uniq_natasha, uniq_duvessa

Skill      XL: |  1  2  3  4  5  6 |
---------------+-------------------+-----
Transmutations | 3 4 |  4.3
Fighting       | 2 |  2.6
Dodging        | 3 |  3.3
Unarmed Combat | 4 |  4.0
Spellcasting   | |  2.0

Action                   |  1- 3 |  4- 6 || total
-------------------------+-------+-------++-------
Melee: Unarmed           |    91 |    95 ||   186
       Constrict         |    22 |    16 ||    38
       Tentacles         |     8 |     9 ||    17
       Kick              |     2 |       ||     2
       Punch             |       |     3 ||     3
 Cast: Beastly Appendage |     3 |       ||     3
       Spider Form       |       |     4 ||     4
 Abil: End Transformatio |       |     1 ||     1
  Use: Potion            |     1 |       ||     1
       Scroll            |       |     1 ||     1
 Stab: Sleeping          |     5 |     1 ||     6
Armor: Skin              |    11 |     2 ||    13
Dodge: Dodged            |    66 |    62 ||   128

Table legend: (Time is in decaauts)
 A = Elapsed time spent in this place.
 B = Non-inter-level travel time spent in this place.
 C = Inter-level travel time spent in this place.
 D = Time resting spent in this place.
 E = Time spent auto-exploring this place.
 F = Levels seen in this place.
 G = Mean time per level.
                   A        B        C        D        E       F      G
               +--------+--------+--------+--------+--------+-----+--------+
         Total |   4914 |   4755 |    159 |   2267 |   1883 |   4 | 1228.5 |
       Dungeon |   4914 |   4755 |    159 |   2267 |   1883 |   4 | 1228.5 |
               +--------+--------+--------+--------+--------+-----+--------+

Top non-repeatable levels by time:
     D:2: 1694 daAuts
     D:3: 1442 daAuts
     D:1: 1011 daAuts
     D:4: 766 daAuts
